 Dungeon Crawl Stone Soup version 0.31.0-12-g77e489cdc1 (webtiles) character file.

Game seed: 12435909661821373523

23 Curundu the Trooper (level 2, -5/27 HPs)
             Began as a Minotaur Berserker on Feb 16, 2024.
             Was a Believer of Trog.
             Succumbed to an orc's poison
             ... on level 4 of the Dungeon.
             The game lasted 00:02:07 (672 turns).

Curundu the Trooper (Minotaur Berserker)             Turns: 672, Time: 00:02:08

Health: -5/27      AC:  2    Str: 21    XL:     2   Next: 72%
Magic:  1/1        EV: 12    Int:  4    God:    Trog [**....]
Gold:   57         SH:  0    Dex:  9    Spells: 1/1 levels left

rFire   . . .        a - +0 hand axe
rCold   . . .        (no shield)
rNeg    . . .        b - +0 animal skin
rPois   .            (helmet restricted)
rElec   .            (no cloak)
rCorr   .            (no gloves)
SInv    .            (no boots)
Will    .....        (no amulet)
Stlth   +            (no ring)
HPRegen 0.24/turn    (no ring)
MPRegen 0.07/turn

%: no passive effects
@: lethally poisoned (-5 -> -32), attractive
A: horns 2, retaliatory headbutt
a: Renounce Religion, Berserk, Trog's Hand


You were on level 4 of the Dungeon.
You worshipped Trog.
Trog was pleased with you.
You visited 1 branch of the dungeon, and saw 3 of its levels.

You collected 57 gold pieces.

Inventory:

Hand Weapons
 a - a +0 hand axe (weapon)
Armour
 b - a +0 animal skin (worn)
Wands
 i - a wand of roots (15)
Scrolls
 c - a scroll of enchant armour {unknown}
 e - 2 scrolls of amnesia {unknown}
 f - 2 scrolls of identify {unknown}
Potions
 d - a potion of lignification {unknown}
 h - a potion of curing {unknown}


   Skills:
 + Level 4.2 Fighting
 + Level 4.1 Axes
 + Level 2.6 Armour
 + Level 2.3 Dodging


You had one spell level left.
You didn't know any spells.
Your spell library was empty.

Dungeon Overview and Level Annotations

Branches:
Dungeon (2/15)

Altars:
Dithmenos
Wu Jian


Innate Abilities, Weirdness & Mutations

You have a pair of horns on your head.
You reflexively headbutt those who attack you in melee.


Message History

There is a fountain of clear blue water here.
You open the door.
Found 2 fizzy grey potions. 2 orcs come into view.
An orc is wielding a +1 short sword of venom.
Found a scroll labelled KIM QEOPSAING.
The orc shouts! x2
An orc wizard comes into view. It is wielding a +0 dagger.
There is an open door here.
Found a stone staircase leading down.
The orc wizard shouts!
The orc wizard casts a spell at you. The puff of flame hits you!
Okay, then.
The orc barely misses you. You furiously retaliate!
You headbutt the orc!
You kill the orc!
Trog accepts your kill.
You can now call upon Trog for regeneration and willpower.
The orc hits you with a +1 short sword of venom.
You are poisoned.
You see here a +0 club.
Found an escape hatch in the floor.
You feel very sick. The orc wizard barely misses you.
The orc attacks as it pursues you!
The orc hits you with a +1 short sword of venom.
You are lethally poisoned!
You hit the orc wizard.
The orc wizard is lightly wounded.
You closely miss the orc.
* * * LOW HITPOINT WARNING * * *
You feel very sick.
The orc wizard points at you and mumbles some strange words.
The magic dart hits you.
* * * LOW HITPOINT WARNING * * *
The orc hits you with a +1 short sword of venom.
* * * LOW HITPOINT WARNING * * *
You are more poisoned.
It was a potion of attraction.
You feel attractive to monsters.
You die...

>.#. ....# ... ....##.
#.. ....... ### ..
.....# ..# #.#.....# #.#
.#.###>......# #..
.............#
#.##########@o....#
#.#........#o.....##
#.#⌠......⌠#........
#####.#.._.._..#.##.####
......'⌠......⌠'....!...
####..##########.##.####
.....# #$$S$# #.# #
#####.##......##.#
#..##....##..#


You could see an orc wizard and an orc.

Vanquished Creatures
  An orc (D:4)
  2 ball pythons
  3 bats
  An endoplasm (D:1)
  A giant cockroach (D:1)
  2 goblins (D:1)
  4 hobgoblins (D:1)
  2 kobolds (D:1)
  A frilled lizard (D:1)
  3 rats (D:1)
20 creatures vanquished.

Notes
Turn   | Place    | Note
-------+----------+-------------------------------------------
     0 | D:1      | Curundu the Minotaur Berserker began the quest for the Orb.
     0 | D:1      | Reached XP level 1. HP: 19/19 MP: 0/0
    74 | D:1      | Reached XP level 2. HP: 19/27 MP: 1/1
   644 | D:2      | You fall into a shaft and drop 2 floors!
   648 | D:4      | Found a shadowy altar of Dithmenos.
   648 | D:4      | Found an ornate altar of the Wu Jian Council.
   650 | D:4      | Noticed a black bear
   668 | D:4      | Reached ** piety under Trog
   671 | D:4      | HP: 1/27 [orc/+1 short sword of venom (2)]
   672 | D:4      | Succumbed to an orc's poison

Illustrated notes

Levels and vault maps discovered:
D:1:      dpeg_arrival_rooms_b, layout_rooms
D:2:      minmay_razor_zed, layout_rooms
D:4:      layout_basic, nicolae_sif_muna_condensation, jmf_multi_god_temple,
          temple_green, serial_undead, serial_undead_b, serial_undead_f,
          serial_undead_b, serial_undead_c, uniq_crazy_yiuf_cottage,
          uniq_menkaure

Skill      XL: |  1  2 |
---------------+-------+-----
Fighting       | 4 |  4.2
Axes           | 4 |  4.1
Armour         | |  2.6
Dodging        | |  2.3

Action                     || total
---------------------------++-------
  Melee: Hand axe          ||    37
         Headbutt          ||     6
    Use: Potion            ||     1
 Armour: Animal skin       ||    26
  Dodge: Dodged            ||    24
